 Dungeon Crawl Stone Soup version 0.22-a0-422-g9628fc8 (webtiles) character file.

292 iamserjio the Ducker (level 6, 0/29 HPs)
             Began as a Spriggan Transmuter on May 22, 2018.
             Slain by a steam dragon (10 damage)
             ... on level 4 of the Dungeon.
             The game lasted 00:10:11 (5859 turns).

iamserjio the Ducker (Spriggan Transmuter)          Turns: 5859, Time: 00:10:11

Health: 0/29       AC:  2    Str:  8    XL:     6   Next: 10%
Magic:  7/11       EV: 26    Int: 14    God:
Gold:   134        SH:  0    Dex: 22    Spells: 5/11 levels left

rFire    . . .     SeeInvis +     - Unarmed
rCold    . . .     Gourm    .   (shield currently unavailable)
rNeg     . . .     Faith    .   (armour currently unavailable)
rPois    x         Spirit   .   (helmet currently unavailable)
rElec    .         Reflect  .   (cloak currently unavailable)
rCorr    .         Harm     .   (gloves unavailable)
MR       +....                  (boots unavailable)
Stlth    ++........             (no amulet)
HPRegen  0.09/turn              (no ring)
MPRegen  0.12/turn              (no ring)

@: spider-form (expiring)
A: tiny, unfitting armour, see invisible, herbivore, slow metabolism 2
a: End Transformation


You were on level 4 of the Dungeon.
You were not hungry.
You were a venomous arachnid creature.
You visited 1 branch of the dungeon, and saw 4 of its levels.

You collected 134 gold pieces.

Inventory:

Missiles
 a - 104 arrows
Armour
 b - a +0 robe (melded)
 p - a +0 cloak (melded)
Scrolls
 c - a scroll of fog {unknown}
 e - a scroll of teleportation {unknown}
 g - a scroll of noise {unknown}
 i - 2 scrolls of blinking {unknown}
 l - a scroll of random uselessness {unknown}
 m - a scroll of identify
 n - a scroll of remove curse {unknown}
 o - a scroll of fear {unknown}
Potions
 f - 2 potions of might
 h - 3 potions of curing
 j - 2 potions of lignification
 k - 3 potions of flight
Comestibles
 d - 5 rations


   Skills:
 - Level 0.7 Fighting
 * Level 6.1 Dodging
 + Level 3.3 Unarmed Combat
 - Level 3.0 Spellcasting
 * Level 5.7 Transmutations


You had 5 spell levels left.
You knew the following spells:

 Your Spells              Type           Power        Failure   Level  Hunger
a - Beastly Appendage     Tmut           ###...       8%          1    #......
b - Sticks to Snakes      Tmut           ###.....     11%         2    ##.....
c - Spider Form           Tmut/Pois      ##........   41%         3    ###....

Your spell library contained the following spells:

 Spells                   Type           Power        Failure   Level  Hunger
 Blade Hands              Tmut           ###.......   71%         5    ######.
 Ice Form                 Ice/Tmut       ##......     75%         4    #####..


Dungeon Overview and Level Annotations

Branches:
Dungeon (4/15)
 Temple: D:4-7

Altars:
Fedhas
Hepliaklqana
Nemelex Xobeh
Trog
Wu Jian
Xom
Zin


Innate Abilities, Weirdness & Mutations

You are very small and have problems with some larger weapons.
You are too small for most types of armour.
You have supernaturally acute eyesight. (SInv)
You are a herbivore.
((You cover ground extremely quickly.))
You need to consume almost no food.


Message History

The steam dragon bites you. The steam dragon misses you.
You hit the steam dragon but do no damage.
The steam dragon looks as sick as possible!
The steam dragon is heavily wounded.
Your ball python closely misses the steam dragon.
The steam dragon closely misses you. The steam dragon completely misses you.
You hit the steam dragon.
The steam dragon looks as sick as possible!
The steam dragon is severely wounded.
Your ball python bites the steam dragon but does no damage.
You hit the steam dragon.
The steam dragon looks as sick as possible!
The steam dragon is severely wounded.
Your transformation is almost over.
The steam dragon completely misses you. The steam dragon claws you.
Your ball python bites the steam dragon but does no damage.
You barely miss the steam dragon.
The steam dragon is almost dead.
The steam dragon bites you!
You die...

#. #.##.# ..
#.##.# #.
#.#.##.# #.
#.#.##.# ###.
#.#.##.# ...
#.#.##.#
####.#####.#.##.#
#...SD.....#.##.#
#.#..s........#.#
######......).#
..........<....#
.#######...###.#
##### #.# #.# #.#
#.# .#


You could see a steam dragon and a friendly ball python.

Vanquished Creatures
  An ogre (D:4)
  Crazy Yiuf (D:3)
  Jessica (D:3)
  Terence (D:3)
  A hound skeleton (D:3)
  A worker ant zombie (D:3)
  An adder (D:2)
  2 oozes (D:1)
  An adder skeleton (D:3)
  2 worms
  5 leopard geckos
  8 bats
  4 giant cockroaches
  10 hobgoblins
  7 kobolds
  3 quokkas
  2 ball pythons (D:1)
  A ball python skeleton (D:3)
  3 frilled lizards
  10 goblins
  8 rats
73 creatures vanquished.

Vanquished Creatures (collateral kills)
  Robin (D:3)
  A gnoll (D:1)
  A bat (D:1)
  5 goblins
  2 hobgoblins (D:3)
10 creatures vanquished.

Grand Total: 83 creatures vanquished

Notes
Turn   | Place    | Note
-------+----------+-------------------------------------------
     0 | D:1      | iamserjio the Spriggan Transmuter began the quest for the Orb.
     0 | D:1      | Reached XP level 1. HP: 9/9 MP: 5/5
   429 | D:1      | Reached XP level 2. HP: 13/14 MP: 4/6
   543 | D:1      | Learned a level 2 spell: Sticks to Snakes
  1394 | D:1      | Reached XP level 3. HP: 11/17 MP: 6/8
  1436 | D:1      | Reached skill level 4 in Dodging
  1555 | D:1      | Found a stormy altar of Qazlal.
  1561 | D:1      | Found a glowing silver altar of Zin.
  1561 | D:1      | Found a blossoming altar of Fedhas.
  1566 | D:1      | Found a blossoming altar of Fedhas.
  1566 | D:1      | Found a shimmering altar of Xom.
  1566 | D:1      | Found a hazy altar of Hepliaklqana.
  2039 | D:2      | Learned a level 3 spell: Spider Form
  2984 | D:2      | Reached XP level 4. HP: 12/21 MP: 4/9
  3360 | D:2      | Found a faded altar of an unknown god.
  3907 | D:3      | Found a shimmering altar of Xom.
  3907 | D:3      | Found a faded altar of an unknown god.
  3913 | D:3      | Found a bloodstained altar of Trog.
  3916 | D:3      | Found a sparkling altar of Nemelex Xobeh.
  3917 | D:3      | Found an ornate altar of the Wu Jian Council.
  4133 | D:3      | Noticed Jessica
  4146 | D:3      | Killed Jessica
  4146 | D:3      | Reached skill level 5 in Dodging
  4146 | D:3      | Reached XP level 5. HP: 21/25 MP: 4/10
  4269 | D:3      | Found a runed door.
  4297 | D:3      | Noticed Robin
  4353 | D:3      | Killed Robin
  4656 | D:3      | Noticed Terence
  4663 | D:3      | Killed Terence
  4663 | D:3      | Reached skill level 5 in Transmutations
  5246 | D:3      | Noticed Crazy Yiuf
  5271 | D:3      | Killed Crazy Yiuf
  5685 | D:4      | Noticed an ogre
  5698 | D:4      | Killed an ogre
  5698 | D:4      | Reached skill level 6 in Dodging
  5698 | D:4      | Reached XP level 6. HP: 29/29 MP: 6/11
  5843 | D:4      | Noticed a steam dragon
  5859 | D:4      | Slain by a steam dragon

Vault maps used:
D:1:      lemuel_arrival_behind_the_door_small, minivault_11,
          kennysheep_another_room, st_stairs_1, doesnt_xom_only_xom
D:2:      chequers_ecumenical_altar_twisty, hangedman_decor_clover_reticule
D:3:      chequers_temple_overflow_minitemple, serial_undead, serial_undead_e,
          serial_undead_b, serial_undead_b, serial_undead_c, serial_undead_c,
          kennysheep_jessica_study, uniq_crazy_yiuf_cottage, uniq_robin,
          uniq_terence

Skill      XL: |  1  2  3  4  5 |
---------------+----------------+-----
Transmutations | 3 4 5 |  5.7
Spellcasting   | 3 |  3.0
Dodging        | 4 5 6 |  6.1
Unarmed Combat | 3 |  3.3
Fighting       | |  0.7

Action                   |  1- 3 |  4- 6 || total
-------------------------+-------+-------++-------
Melee: Unarmed           |   197 |   170 ||   367
       Kick              |     5 |       ||     5
       Headbutt          |     2 |       ||     2
       Punch             |     1 |     1 ||     2
 Cast: Beastly Appendage |     8 |       ||     8
       Sticks to Snakes  |     6 |    10 ||    16
       Spider Form       |     3 |    10 ||    13
  Use: Scroll            |       |     4 ||     4
 Stab: Sleeping          |     2 |     1 ||     3
       Distracted        |     1 |       ||     1
  Eat: Ration            |       |     3 ||     3
Armor: Robe              |    26 |     2 ||    28
       Skin              |       |     5 ||     5
Dodge: Dodged            |   215 |   151 ||   366

Table legend:
 A = Spawn XP
 B = Non-spawn XP
 C = Spawn XP percentage of total XP
 D = Spawn monster count
 E = Non-spawn monster count
 F = Spawn count percentage of total count
 G = Total turns spent on level
                    A         B        C        D         E        F      G
               +---------+---------+-------+---------+---------+-------+---------
         Total |       0 |     418 |   0.0 |       0 |      83 |   0.0 |  5859
               +---------+---------+-------+---------+---------+-------+---------
           D:1 |       0 |      71 |   0.0 |       0 |      33 |   0.0 |  1903
           D:2 |       0 |      38 |   0.0 |       0 |      15 |   0.0 |  1862
           D:3 |       0 |     198 |   0.0 |       0 |      31 |   0.0 |  1824
           D:4 |       0 |     111 |   0.0 |       0 |       4 |   0.0 |   270
               +---------+---------+-------+---------+---------+-------+---------
